[Event "Late-Titled-Tuesday-Blitz-February-06-2024"]
[Site "Chess.com"]
[Date "2024.02.06"]
[Round "4"]
[White "Bkmzzzzz"]
[Black "Lennis93"]
[Result "0-1"]
[WhiteElo "2418"]
[BlackElo "2682"]
[TimeControl "180+1"]
[EndTime "14:39:09 PST"]
[Termination "Lennis93 won by resignation"]

1. e4 c5 2. Nf3 e6 3. d3 Nc6 4. g3 g6 5. Bg2 Bg7 6. O-O Nge7 7.
Re1 d6 8. c3 e5 9. Na3 O-O 10.
Nc2 d5 11. exd5 Nxd5 12. d4 exd4 13. cxd4 cxd4 14. Nfxd4 Nxd4 15. Nxd4 Qb6 16. Bxd5 Bxd4 17. Be3 Bxe3 18. Rxe3 Qxb2 19. Rb1 Qf6 20. Bxb7 Bxb7 21. Rxb7 Rad8 22. Qb3 Qa1+ 23. Kg2 Rd1 24. Rf3 Rg1+ 25.
Kh3 Qg7 26. Rf4 Qh6+ 27. Rh4 Qg5 28. Rg4 Qf5 29. Rb5 Qxf2 30. Rf4 Qg2+ 31. Kg4 Qxh2 32. Rxf7 Rxg3+ 33. Qxg3 Qxg3+ 34. Kxg3 Rxf7 35. a4 Kg7 36.
Kg4 Rc7 37. a5 Kf6 38. a6 h5+ 39. Kg3 Rc3+ 40. Kf4 Rc4+ 41. Kg3 Ra4 0-1

[Event "Late-Titled-Tuesday-Blitz-February-06-2024"]
[Site "Chess.com"]
[Date "2024.02.06"]
[Round "4"]
[White "SaqoChess_Twitch"]
[Black "temus_galaktionov"]
[Result "1-0"]
[WhiteElo "2658"]
[BlackElo "2870"]
[TimeControl "180+1"]
[EndTime "14:39:10 PST"]
[Termination "SaqoChess_Twitch won on time"]

1. d4 c6 2. c4 g6 3. Nc3 d6 4. Nf3 Bg7 5. Bf4 Nd7 6. h3 e5 7.
dxe5 dxe5 8. Bh2 Qe7 9. e3 Ngf6 10. Be2 O-O 11. O-O Re8 12. Qc2 h5 13. Rad1 a5 14.
b3 e4 15. Ng5 Ne5 16. Ngxe4 Bf5 17. Nxf6+ Qxf6 18. e4 Bc8 19. f4 Nd7 20. e5 Qe7 21. Ne4 Nc5 22. Nd6 Rd8 23. Kh1 Be6 24. Bg1 Na6 25. f5 gxf5 26. Bxh5 Bxe5 27. Nxf5 Qg5 28. Bg4 Rxd1 29. Rxd1 Qf4 30. Re1 Nb4 31. Qe2 Bc7 32. Ne7+ Kf8 33. Bxe6 Kxe7 34. Bxf7+ Kf8 35. Rf1 Qe5 36.
Bd5+ Ke8 37. Bf7+ Kd7 38. Qg4+ 1-0

[Event "Late-Titled-Tuesday-Blitz-February-06-2024"]
[Site "Chess.com"]
[Date "2024.02.06"]
[Round "4"]
[White "Siemba"]
[Black "KorolDimitriy75"]
[Result "0-1"]
[WhiteElo "2510"]
[BlackElo "2383"]
[TimeControl "180+1"]
[EndTime "14:39:10 PST"]
[Termination "KorolDimitriy75 won by checkmate"]

1. e4 c5 2. Nf3 d6 3. d4 cxd4 4. Nxd4 Nf6 5. Nc3 g6 6. Be3 Bg7 7. f3 O-O 8. Qd2 Nc6 9. O-O-O d5 10. Qe1 e5 11. Nxc6 bxc6 12. exd5 cxd5 13. Bg5 Be6 14. Bc4 h6 15. Bxf6 Qxf6 16. Bxd5 Rab8 17. Bxe6 Qxe6 18.
g4 Rfc8 19. Rd3 e4 20. Qxe4 Qb6 21. Na4 Bxb2+ 22. Kb1 Qc7 23. Rb3 Bg7 24. h4 Re8 25. Qd5 Red8 26. Qc5 Qf4 27. Nb2 Rxb3 28. axb3 Qxf3 29.
Re1 Qf6 30. Qa3 Rd6 31. g5 Qc3 32. Re8+ Kh7 33. Re4 Ra6 34. Ra4 Re6 35. gxh6 Kxh6 36. Ka2 Qxc2 37. Rc4 Qg2 38. b4 Re2 39. Qd3 Rxb2+ 40.
Ka3 Ra2+ 41. Kb3 Qb2# 0-1

[Event "Late-Titled-Tuesday-Blitz-February-06-2024"]
[Site "Chess.com"]
[Date "2024.02.06"]
[Round "4"]
[White "argentum049"]
[Black "PawnEatingZombie"]
[Result "0-1"]
[WhiteElo "2462"]
[BlackElo "2210"]
[TimeControl "180+1"]
[EndTime "14:39:10 PST"]
[Termination "PawnEatingZombie won on time"]

1. d4 Nf6 2. c4 g6 3. f3 Bg7 4. e4 d6 5. Ne2 O-O 6. Be3 a6 7. Nbc3 Nc6 8. Qd2 Na5 9. Nc1 Nd7 10. d5 c5 11. Be2 b5 12. cxb5 c4 13. b4 cxb3 14.
axb3 axb5 15. Rb1 b4 16. Na4 Nc5 17. O-O Nxa4 18. bxa4 Bc3 19. Qd1 Ba6 20. Bd4 Bxe2 21. Nxe2 Bxd4+ 22. Nxd4 Qb6 23. Kh1 Nc4 24. Nc6 Ne3 25.
Qe2 Nxf1 26. Qxf1 b3 27. Qd3 Rxa4 28. Qc3 Re8 29. h4 h5 30. Rxb3 Ra1+ 31. Qxa1 Qxb3 32.
Qa7 Qd1+ 0-1

[Event "Late-Titled-Tuesday-Blitz-February-06-2024"]
[Site "Chess.com"]
[Date "2024.02.06"]
[Round "4"]
[White "ChessLover0108"]
[Black "NoHeThTo"]
[Result "1-0"]
[WhiteElo "3008"]
[BlackElo "2615"]
[TimeControl "180+1"]
[EndTime "14:39:11 PST"]
[Termination "ChessLover0108 won by checkmate"]

1. g3 Nf6 2. Bg2 g6 3. b3 Bg7 4.
Bb2 O-O 5. d4 d6 6. c4 Nbd7 7.
d5 Ne8 8. Nc3 a5 9. Nf3 Nc5 10.
O-O e5 11. dxe6 Bxe6 12. Nd4 c6 13. Qd2 Qe7 14. Rad1 Rd8 15. Rfe1 Nc7 16. e4 Bg4 17. f3 Bc8 18. h3 N7e6 19. Nce2 Nxd4 20. Nxd4 h5 21.
f4 Bh6 22. Qc3 f6 23. Qf3 Ne6 24. Nf5 gxf5 25. exf5 Qf7 26. fxe6 Bxe6 27. Re2 Bc8 28. Rde1 Rde8 29. Rxe8 Rxe8 30. Rxe8+ Qxe8 31. Bxf6 Bf5 32. Bb2 Bg6 33. Qc3 Kh7 34. Qf6 Bb1 35. Kh2 h4 36.
Qxh4 Bxa2 37. Qf6 Bb1 38. Qxd6 Be4 39. Be5 Bxg2 40. Kxg2 b5 41. Qc7+ Kg8 42. Qxa5 bxc4 43. bxc4 Qd7 44. Qc3 Qd1 45. g4 Qe2+ 46. Kg3 Bf8 47. c5 Qf1 48. Qb3+ Kh7 49. Qf7+ Kh6 50. g5# 1-0

[Event "Late-Titled-Tuesday-Blitz-February-06-2024"]
[Site "Chess.com"]
[Date "2024.02.06"]
[Round "4"]
[White "TheCavemanChess"]
[Black "GiorgianBarbosa"]
[Result "0-1"]
[WhiteElo "2695"]
[BlackElo "2485"]
[TimeControl "180+1"]
[EndTime "14:39:12 PST"]
[Termination "GiorgianBarbosa won by resignation"]

1. e4 c5 2. Nf3 g6 3. d4 cxd4 4.
Qxd4 Nf6 5. e5 Nc6 6. Qa4 Nd5 7. Qe4 Ndb4 8. a3 d5 9. Qe2 Na6 10. Bf4 Bg7 11. Nc3 O-O 12. O-O-O Nc7 13. h4 Bg4 14. h5 Ne6 15. Nxd5 Ncd4 16. Qc4 Rc8 17. Qxc8 Qxd5 18. Rxd4 Qa2 19. Qc4 Qa1+ 20. Kd2 Bxf3 21. gxf3 Qxb2 22. Rd3 Nxf4 23. Qxf4 Rc8 24. hxg6 Rxc2+ 25. Ke3 Qc1+ 26. Ke4 Rc4+ 27. Kd5 Qxf4 28. gxf7+ Kxf7 29.
e6+ Kf8 30. Rh5 Rd4+ 31. Kc5 Rxd3 32. Bxd3 Qd4+ 33. Kb5 Qxd3+ 34. Ka4 Qd6 35. Rf5+ Ke8 36. Rg5 Qxe6 37. Rxg7 Qc6+ 38. Kb3 Qxf3+ 39. Kc4 Qf4+ 40.
Kb3 Qf3+ 41. Kc4 Qxf2 42. Rg8+ Kf7 43. Ra8 Qc2+ 44. Kd4 Qc6 45. a4 Qf6+ 46. Kd5 Qc6+ 47. Ke5 Qxa4 48. Rc8 Qb5+ 49. Kd4 Qh5 50. Rc7 Qg6 51.
Rxb7 Qb6+ 0-1

[Event "Late-Titled-Tuesday-Blitz-February-06-2024"]
[Site "Chess.com"]
[Date "2024.02.06"]
[Round "4"]
[White "HaryKane"]
[Black "FredddieCroderg"]
[Result "1-0"]
[WhiteElo "2563"]
[BlackElo "2386"]
[TimeControl "180+1"]
[EndTime "14:39:12 PST"]
[Termination "HaryKane won on time"]

1. d4 d5 2. e3 e6 3. f4 Nf6 4. Nf3 c5 5. c3 Bd6 6. Bd3 O-O 7.
O-O Nc6 8. Ne5 Ne7 9. Nd2 b6 10. Rf3 Bb7 11. Rh3 Ne4 12. Qh5 h6 13. Bxe4 dxe4 14. Rg3 Nf5 15. Rh3 Bxe5 16. fxe5 cxd4 17. exd4 Nxd4 18. cxd4 Qxd4+ 19. Kh1 e3 20. Nb3 Qe4 21.
Qe2 Rad8 22. Bxe3 Qxe5 23. Qf2 Rd3 24. Bd4 Qe4 25. Rxd3 Qxd3 26. Re1 Rd8 27. Qg3 Qxg3 28. hxg3 Bd5 29. Bc3 a5 30. Nc1 Bc4 31. b3 Ba6 32. Kg1 Rc8 33. Re3 b5 34. Ne2 b4 35. Be5 Rc2 36. Nd4 Rxa2 37. Nc6 Bb5 38. Ne7+ Kf8 39. Bd6 Ke8 40. Ng8 Ra3 41. Bc5 1-0

[Event "Late-Titled-Tuesday-Blitz-February-06-2024"]
[Site "Chess.com"]
[Date "2024.02.06"]
[Round "4"]
[White "Mariia89"]
[Black "kekic76"]
[Result "0-1"]
[WhiteElo "2183"]
[BlackElo "2377"]
[TimeControl "180+1"]
[EndTime "14:39:13 PST"]
[Termination "kekic76 won on time"]

1. d4 d6 2. Nf3 Nc6 3. c4 e5 4.
dxe5 Nxe5 5. Nxe5 dxe5 6. Qxd8+ Kxd8 7. e4 Be6 8. Nc3 c6 9. Be3 Kc7 10. O-O-O Nf6 11. Be2 Ng4 12. Bxg4 Bxg4 13. f3 Be6 14. b3 f6 15. Kc2 Bb4 16. Rd3 Rhd8 17. Rhd1 Rxd3 18. Rxd3 h5 19. h4 b6 20. Ne2 a5 21.
Bd2 Be7 22. Bc3 Rg8 23. Ng3 g5 24. hxg5 Rxg5 25. Nf1 Rxg2+ 26. Rd2 Rg1 27. Ne3 h4 28. Rh2 h3 29. Bd2 Rg3 30. Ng4 Rxf3 31. Nf2 Rg3 32. Rh1 Bb4 33. Bxb4 axb4 34. Kd1 Kd6 35. Ke2 Kc5 36. Nd3+ Kd4 37. Nxb4 Kxe4 38. Nxc6 f5 39. Ne7 f4 40. Kf2 Bg4 41. Ng6 Kf5 42. Nh4+ Kg5 43. Nf3+ Bxf3 0-1

[Event "Late-Titled-Tuesday-Blitz-February-06-2024"]
[Site "Chess.com"]
[Date "2024.02.06"]
[Round "4"]
[White "NovakRatko"]
[Black "BelaKis"]
[Result "1-0"]
[WhiteElo "2395"]
[BlackElo "2229"]
[TimeControl "180+1"]
[EndTime "14:39:13 PST"]
[Termination "NovakRatko won on time"]

1. d4 Nf6 2. c4 g6 3. Nc3 Bg7 4. e4 d6 5. f3 O-O 6. Be3 a6 7. Qd2 Nbd7 8. Nge2 c5 9. g4 Qa5 10.
d5 Ne5 11. Ng1 b5 12. cxb5 axb5 13. Bxb5 Ba6 14. Bxa6 Qxa6 15. Qe2 Nd3+ 16. Kd1 Rfb8 17. Bc1 Nd7 18. f4 c4 19. Qc2 N7c5 20. Nge2 Nf2+ 21. Ke1 Nxh1 22. Kf1 Na4 23. Kg2 Nxc3 24. Nxc3 Bxc3 25. bxc3 Qb6 26. Kxh1 Ra5 27. Kg2 Rba8 28. Kf3 Qa6 29. a3 Rb5 30. Rb1 Rab8 31. Rb4 Rxb4 32. cxb4 Rc8 33. Qc3 Qa4 34. Bb2 f6 35. g5 Qd1+ 36.
Ke3 Qg1+ 37. Kf3 Qf1+ 38. Ke3 Qg1+ 39. Kf3 Qxh2 40. gxf6 Qh3+ 41. Ke2 Qxc3 42. Bxc3 exf6 43. Bxf6 Kf7 44. Bc3 h5 45. a4 g5 46. fxg5 Kg6 47.
b5 Kxg5 48. b6 Kf4 49. a5 Kxe4 50. b7 Rg8 51. a6 h4 52. a7 h3 53. b8=Q h2 54. Qxg8 h1=Q 55. Qg4+ Kxd5 56. a8=Q+ 1-0

[Event "Late-Titled-Tuesday-Blitz-February-06-2024"]
[Site "Chess.com"]
[Date "2024.02.06"]
[Round "4"]
[White "Rawnsdale"]
[Black "falzehope0"]
[Result "1-0"]
[WhiteElo "2520"]
[BlackElo "2344"]
[TimeControl "180+1"]
[EndTime "14:39:14 PST"]
[Termination "Rawnsdale won by checkmate"]

1. e4 d5 2. exd5 Nf6 3. Nf3 Qxd5 4. Nc3 Qh5 5. Be2 Bg4 6. d4 Nc6 7. Bb5 O-O-O 8. Bxc6 bxc6 9. Qe2 e6 10. Be3 Kb7 11.
O-O-O Bb4 12. Qc4 Qa5 13. Na4 Qxa4 14. a3 Bd2+ 15. Nxd2 Qxc4 16. Nxc4 Bxd1 17. Rxd1 Nd5 18. Ne5 Rhf8 19. Bd2 f6 20. Nf3 Rde8 21. c4 Nb6 22. b3 e5 23. Be3 Nd7 24. dxe5 Nxe5 25. Nd4 Rd8 26. h3 Rfe8 27. c5 Rd5 28. b4 a5 29.
Kc2 Nc4 30. Rd3 Nxe3+ 31. fxe3 axb4 32. axb4 Rde5 33. Kd2 Ra8 34. Rb3 Ra2+ 35. Kd3 Rxg2 36. b5 cxb5 37. Rxb5+ Ka6 38. Rb8 Rg3 39. Nc6 Rexe3+ 40. Kc4 Rc3+ 41. Kd5 Rgd3+ 42. Ke4 Re3+ 43. Kd4 Rcd3+ 44. Kc4 Rc3+ 45. Kd5 Rxh3 46. Ra8+ Kb5 47. Ra5# 1-0

[Event "Late-Titled-Tuesday-Blitz-February-06-2024"]
[Site "Chess.com"]
[Date "2024.02.06"]
[Round "4"]
[White "ElDivis"]
[Black "KuzubovYuriy"]
[Result "0-1"]
[WhiteElo "2422"]
[BlackElo "2911"]
[TimeControl "180+1"]
[EndTime "14:39:17 PST"]
[Termination "KuzubovYuriy won by resignation"]

1. d4 g6 2. e4 Bg7 3. c3 Nf6 4. Bd3 O-O 5. Nf3 d6 6. h3 Nc6 7. O-O e5 8. a4 Re8 9. d5 Ne7 10.
a5 c6 11. c4 Bd7 12. Nc3 cxd5 13. cxd5 Nexd5 14. exd5 e4 15. Be2 exf3 16. Bxf3 Bf5 17.
Bf4 Be4 18. Nxe4 Nxe4 19. Re1 Qf6 20. Rxe4 Rxe4 21. Bxe4 Qxf4 22. Qf3 Qxf3 23. Bxf3 Bxb2 24. Rb1 Bc3 25. Rxb7 Bxa5 26. Be2 Bb6 27. Ba6 Re8 28. g3 Re1+ 29. Kg2 Rd1 30. Re7 Kf8 31. Re2 Rxd5 32. Bc4 Rc5 33. Bb3 Rc3 34. Bd5 Rd3 35. Bc4 Rd4 36. Bb3 Bc5 37. Ra2 g5 38. g4 h6 39.
Ra4 Rd3 40. Bc4 Rc3 41. Bb5 Rc2 42. Bc6 Rxf2+ 43. Kg3 Rc2 44. Bd5 Rc3+ 45. Kg2 Rd3 46. Ba2 f6 47. Bc4 Rd4 48. Bb3 Rxa4 49. Bxa4 d5 50.
Bc6 d4 51. Kf3 Ke7 52. Ke4 Kd6 53. Ba4 a5 54. Kf5 Ke7 55. Kg6 d3 56. Kxh6 Ke6 57.
Kg6 d2 58. Bd1 Bd4 59. Kh5 Ke5 60. h4 Kf4 61. hxg5 fxg5 62. Kg6 Be3 63. Kf6 Kg3 64. Kf5 Kf2 65. Ke4 Ke1 0-1

[Event "Late-Titled-Tuesday-Blitz-February-06-2024"]
[Site "Chess.com"]
[Date "2024.02.06"]
[Round "4"]
[White "igorkovalenko"]
[Black "Kiborg95"]
[Result "1-0"]
[WhiteElo "3004"]
[BlackElo "2838"]
[TimeControl "180+1"]
[EndTime "14:39:19 PST"]
[Termination "igorkovalenko won by resignation"]

1. c4 e5 2. Nc3 d6 3. g3 Be7 4. d4 exd4 5. Qxd4 Nc6 6. Qd2 Nf6 7.
Bg2 a5 8. Nh3 a4 9. O-O Be6 10.
Nd5 O-O 11. Nhf4 Ne5 12. Qc3 Bd7 13. Be3 Nc6 14. Rac1 Ng4 15. Nxe7+ Qxe7 16. Nd5 Qd8 17. Bf4 Re8 18. Rfe1 b6 19. h3 Nge5 20. Kh2 Rc8 21.
Bd2 Ng6 22. f4 Nce7 23. e4 b5 24. Ne3 bxc4 25. Nxc4 Bb5 26. Qb4 Rb8 27. Qc3 Bxc4 28. Qxc4 Rxb2 29. Bc3 Rb7 30. Qxa4 Qa8 31. Qd4 f6 32. a4 Ra7 33. a5 Qb8 34. Rb1 Rb7 35. Rxb7 Qxb7 36. Qc4+ Kf8 37. e5 d5 38. exf6 gxf6 39. Bxf6 c6 40. Qc5 Qa6 41. f5 Kf7 42. fxg6+ Kxf6 43. gxh7 Qc8 44. Qd6+ Kf7 45. Qh6 Ng6 46.
Rf1+ 1-0

[Event "Late-Titled-Tuesday-Blitz-February-06-2024"]
[Site "Chess.com"]
[Date "2024.02.06"]
[Round "4"]
[White "Zallio"]
[Black "koncheto"]
[Result "0-1"]
[WhiteElo "2121"]
[BlackElo "2499"]
[TimeControl "180+1"]
[EndTime "14:39:19 PST"]
[Termination "koncheto won by resignation"]

1. e4 c5 2. Nf3 d6 3. d4 cxd4 4. Nxd4 Nf6 5. Nc3 Nc6 6. Be3 e6 7. Be2 a6 8. Qd2 Qc7 9. O-O-O b5 10.
Bd3 Bb7 11. f3 Be7 12. Kb1 Rc8 13. Bxb5 axb5 14. Ndxb5 Qb8 15. Nxd6+ Bxd6 16. Qxd6 Qxd6 17. Rxd6 Ke7 18. Rhd1 Rhd8 19. Bc5 Rxd6 20. Bxd6+ Ke8 21. a4 Rd8 22. Kc1 Nd7 23. b4 Nce5 24. Nb5 f6 25. Nc7+ Kf7 26. Bxe5 fxe5 27. b5 Ke7 28. a5 Rc8 29. b6 Nc5 30. Kb2 Na6 31. Nb5 Rc5 32.
Nd6 Bc6 33. Nc8+ Ke8 34. b7 Bxb7 35. Nd6+ Ke7 36. Nxb7 Rb5+ 37. Ka3 Rxb7 38. c3 Nc5 39. Rd2 Rb3+ 40. Ka2 Rxc3 41. Rb2 Rc4 42. Rb5 Ra4+ 43. Kb2 Kd6 44. Kc3 Kc6 45. Rb6+ Kc7 46. Rb5 Nb7 47. Rxe5 Kd6 48. Rb5 Nxa5 49. Rb6+ Nc6 50. h4 Ra2 51. g4 Rh2 52. Rb7 Rh3 53. Rxg7 Rxf3+ 54. Kc4 Rf4 55. Kd3 Rxg4 56. Rxh7 Ne5+ 57. Kd4 Nd7 58. h5 Rxe4+ 59. Kxe4 Nf6+ 60. Kf4 Nxh7 0-1

[Event "Late-Titled-Tuesday-Blitz-February-06-2024"]
[Site "Chess.com"]
[Date "2024.02.06"]
[Round "4"]
[White "ccccvhhhj"]
[Black "BozeKat"]
[Result "1-0"]
[WhiteElo "2455"]
[BlackElo "2007"]
[TimeControl "180+1"]
[EndTime "14:39:20 PST"]
[Termination "ccccvhhhj won on time"]

1. e4 c5 2. Nf3 a6 3. b4 cxb4 4.
a3 d5 5. e5 e6 6. axb4 Bxb4 7.
c3 Be7 8. d4 Nc6 9. Bd3 Bd7 10.
O-O b5 11. Ne1 Na5 12. Qg4 g6 13. Ba3 Nc4 14. Bxe7 Qxe7 15. Qf4 h6 16. Nd2 Qg5 17. Qxg5 hxg5 18. Nb3 Ne7 19. Nc5 Nd2 20. Nf3 Nxf1 21. Bxf1 Bc8 22. Nxg5 Nc6 23. f4 Ke7 24. h3 b4 25.
cxb4 Nxd4 26. b5 a5 27. b6 Rb8 28. Rxa5 Nc6 29. Rb5 Bb7 30. Rb1 Rhd8 31. Bb5 Nd4 32. Bf1 Nc6 33. g4 d4 34. Kh2 Rd5 35. Rc1 Nb4 36.
Bg2 d3 37. Nxb7 Rxb7 38. Bxd5 Nxd5 39. Ne4 Nxf4 40. Rd1 Rxb6 41. Kg3 Ne2+ 42. Kf3 Rb3 43. Ke3 Nc3 44. Ra1 Nd5+ 45. Kd2 Rb4 46. Ra7+ Kf8 47. Ng5 Kg7 48. Rxf7+ Kg8 49. Ra7 Nf4 50. Ke3 d2 51. Kxd2 1-0

[Event "Late-Titled-Tuesday-Blitz-February-06-2024"]
[Site "Chess.com"]
[Date "2024.02.06"]
[Round "4"]
[White "boguszp"]
[Black "MeisterJabo"]
[Result "0-1"]
[WhiteElo "2091"]
[BlackElo "2331"]
[TimeControl "180+1"]
[EndTime "14:39:21 PST"]
[Termination "MeisterJabo won on time"]

1. d4 Nf6 2. Bf4 d5 3. e3 e6 4.
c3 Be7 5. Bd3 O-O 6. Nd2 Bd6 7.
Bg3 c5 8. Ngf3 Qc7 9. O-O Nbd7 10.
Qe2 e5 11. dxe5 Nxe5 12. Nxe5 Bxe5 13. Bxe5 Qxe5 14. Nf3 Qh5 15. h3 Ne4 16. Nh2 Qg6 17.
Bxe4 dxe4 18. Kh1 Be6 19. Rfd1 Rfd8 20. Nf1 c4 21. Nd2 Rd3 22. Nf1 h5 23. Rd2 Rad8 24.
Rad1 h4 25. Rxd3 exd3 26. Qf3 Bd5 27. Qg4 Qxg4 28. hxg4 b5 29. f3 a5 30. e4 Be6 31. Rd2 b4 32. Ne3 bxc3 33. bxc3 Rb8 34. Nf5 Rb1+ 35. Kh2 Bxf5 36. gxf5 f6 37. Kh3 Rc1 38.
Kxh4 Rxc3 39. Rb2 Rc2 40. Rb8+ Kh7 41. f4 Rxg2 42. Rd8 d2 43. e5 fxe5 44. fxe5 c3 45. e6 Re2 0-1

[Event "Late-Titled-Tuesday-Blitz-February-06-2024"]
[Site "Chess.com"]
[Date "2024.02.06"]
[Round "4"]
[White "FairChess_on_YouTube"]
[Black "AlexeiShirov"]
[Result "1-0"]
[WhiteElo "3048"]
[BlackElo "2790"]
[TimeControl "180+1"]
[EndTime "14:39:22 PST"]
[Termination "FairChess_on_YouTube won by resignation"]

1. e4 e5 2. Bc4 Nf6 3. d3 c6 4.
Nf3 d5 5. Bb3 Bb4+ 6. Bd2 Bxd2+ 7. Nbxd2 a5 8. a3 a4 9. Ba2 Nbd7 10. O-O O-O 11. Re1 Re8 12. Nf1 dxe4 13. Ng5 Re7 14. dxe4 h6 15. Nxf7 Rxf7 16. Qd6 Qf8 17. Qc7 Kh7 18.
Bxf7 Qxf7 19. Rad1 Ne8 20. Qd8 Nc5 21. Ng3 Ne6 22.
Qb6 Nd4 23. c3 Ne6 24. f3 Ra6 25. Qe3 c5 26. Rd5 Qc7 27. Red1 Nf6 28. R5d2 Nf4 29.
Ne2 Be6 30. Nxf4 exf4 31. Qe2 Nd7 32. Qb5 Ne5 33. Rd8 Qc6 34. Qe2 Bb3 35. R1d2 Bc4 36. Qd1 Bb3 37. Qe1 c4 38. R2d5 Nd3 39. Qh4 Qb6+ 40.
Rd4 Ra5 41. Qe7 Rg5 42. Qf7 Qc5 43. Qg8+ Kg6 44. Qe8+ Kh7 45. h4 Rg3 46. h5 1-0

[Event "Late-Titled-Tuesday-Blitz-February-06-2024"]
[Site "Chess.com"]
[Date "2024.02.06"]
[Round "4"]
[White "Mops_2004"]
[Black "Durarbayli"]
[Result "0-1"]
[WhiteElo "2727"]
[BlackElo "2918"]
[TimeControl "180+1"]
[EndTime "14:39:24 PST"]
[Termination "Durarbayli won on time"]

1. Nf3 d5 2. g3 c5 3. Bg2 Nf6 4. O-O Nc6 5. d4 cxd4 6. Nxd4 e5 7. Nxc6 bxc6 8. c4 Be6 9. Qa4 Qd7 10. Rd1 Rc8 11. cxd5 cxd5 12. Qxd7+ Nxd7 13. e3 Bg4 14. f3 Be6 15. Nc3 Nb6 16. f4 e4 17. f5 Bxf5 18.
Nxd5 Bg4 19. Rd4 f5 20. Nxb6 axb6 21. h3 Be2 22. Bd2 Bc5 23. Rd5 O-O 24. Kf2 Bc4 25. Rd7 Rcd8 26. Rxd8 Rxd8 27. Bc3 Rd3 28. Re1 Bxa2 29.
Bf1 Rd7 30. b4 Be7 31. Ra1 Be6 32. Bb5 Rc7 33. Bd4 Rc2+ 34. Kg1 Bxb4 35. Ra8+ Rc8 36. Ra7 Bf8 37. Bxb6 Rb8 38. Ra6 Bc8 39. Bc4+ Kh8 40. Ra7 Rxb6 41. Ra8 Rc6 42. Bd5 Rc1+ 43. Kf2 g6 0-1

[Event "Late-Titled-Tuesday-Blitz-February-06-2024"]
[Site "Chess.com"]
[Date "2024.02.06"]
[Round "4"]
[White "RantomOpening"]
[Black "Gryffindorac8"]
[Result "0-1"]
[WhiteElo "2509"]
[BlackElo "2372"]
[TimeControl "180+1"]
[EndTime "14:39:24 PST"]
[Termination "Gryffindorac8 won by resignation"]

1. d4 Nf6 2. Nf3 e6 3. Bg5 d5 4. e3 Be7 5. Nbd2 O-O 6. c3 c5 7. Bd3 b6 8. Ne5 Nfd7 9. Bxe7 Qxe7 10. f4 Nxe5 11. dxe5 Ba6 12. Bxa6 Nxa6 13. O-O c4 14. Rf3 Nc5 15. Rh3 f5 16. Qh5 g6 17. Qh6 Nd3 18.
Rf1 Nxb2 19. Rff3 Na4 20. Rfg3 Qg7 21. Qg5 Nxc3 22. Rh6 Ne2+ 23. Kf2 Nxg3 24. hxg3 c3 25. Nb3 c2 26. Ke2 Rac8 27. Kd2 Rc7 28. Kc1 Qe7 29. Qxe7 Rxe7 30. Kxc2 Rc8+ 31. Kd2 Rec7 32. Nd4 Re7 33. Nb5 Rc4 34. Rh1 Ra4 35. Ra1 a6 36. Nd4 Kf7 37. Kd3 Rc7 38. Rh1 h5 39. Ra1 b5 40.
Nf3 Ra3+ 41. Kd2 Rcc3 42. Ng5+ Ke7 43. Rb1 Rd3+ 44. Ke2 Rxe3+ 45. Kf2 Rec3 46. Rb2 Rxg3 47. Rc2 Rgc3 48. Rb2 Rc4 49. g3 Rca4 50. Rb1 Rxa2+ 51. Ke3 R4a3+ 52. Kd4 Rc2 53. Rb4 a5 0-1

[Event "Late-Titled-Tuesday-Blitz-February-06-2024"]
[Site "Chess.com"]
[Date "2024.02.06"]
[Round "4"]
[White "IMSlavin"]
[Black "Ajedrez_con_German"]
[Result "1-0"]
[WhiteElo "2342"]
[BlackElo "2657"]
[TimeControl "180+1"]
[EndTime "14:39:25 PST"]
[Termination "IMSlavin won on time"]

1. e4 e6 2. Nf3 d5 3. e5 c5 4. b4 c4 5. a3 a5 6. b5 Nd7 7. a4 Nb6 8. d4 cxd3 9. cxd3 Ne7 10. Ba3 Nf5 11. Bxf8 Kxf8 12. Nbd2 Bd7 13. Rc1 Qe7 14.
g4 Nh4 15. Nxh4 Qxh4 16. Rc7 Rb8 17. Qf3 h5 18. Qe3 Qxg4 19. Qxb6 Qxa4 20. Qd6+ Kg8 21.
Rxd7 Rc8 22. Rd8+ Rxd8 23. Qxd8+ Kh7 24. Qg5 Rc8 25. Qxh5+ Kg8 26. Be2 Qb4 27. Bd1 Rc3 28. Qe2 Qxb5 29. O-O a4 30. d4 Qxe2 31. Bxe2 Rc2 32.
Rd1 a3 33. Bd3 Rb2 34. Kf1 a2 35. Ke1 b5 36. Ra1 b4 37. Kd1 b3 38. Kc1 Rxd2 39. Kxd2 b2 40. Rxa2 1-0

[Event "Late-Titled-Tuesday-Blitz-February-06-2024"]
[Site "Chess.com"]
[Date "2024.02.06"]
[Round "4"]
[White "Perecke"]
[Black "cukricek"]
[Result "0-1"]
[WhiteElo "2539"]
[BlackElo "2398"]
[TimeControl "180+1"]
[EndTime "14:39:25 PST"]
[Termination "cukricek won by resignation"]

1. e4 c5 2. Nf3 g6 3. c4 Bg7 4. d4 Nc6 5. d5 Nd4 6. Nc3 d6 7. Be2 Nxf3+ 8. Bxf3 Nf6 9. O-O O-O 10. g3 a6 11. a4 Rb8 12. a5 b5 13. axb6 Rxb6 14.
Bg2 Rb4 15. Qd3 Nd7 16. f4 Nb6 17. Na2 Rxc4 18. Be3 Ra4 19. Qc2 Bd7 20. Nc3 Rxa1 21. Rxa1 Nc4 22. Bf2 Qb6 23. Na4 Qb4 24. Ra2 Bd4 25.
Bf1 Ne3 26. Bxe3 Bxe3+ 27. Kg2 Bb5 28. Nc3 Bxf1+ 29. Kxf1 Rb8 30. Nd1 Bd4 31. Rxa6 Bxb2 32. Ra7 Bf6 33. g4 h6 34. Nf2 Qd4 35. Ra4 Qe3 36. e5 dxe5 37. Re4 Qf3 38. fxe5 Bh4 39. e6 Bxf2 40. exf7+ Kf8 41. Qxf2 Qxe4 0-1

[Event "Late-Titled-Tuesday-Blitz-February-06-2024"]
[Site "Chess.com"]
[Date "2024.02.06"]
[Round "4"]
[White "riconaipe"]
[Black "emeli_chess"]
[Result "1-0"]
[WhiteElo "2592"]
[BlackElo "2388"]
[TimeControl "180+1"]
[EndTime "14:39:26 PST"]
[Termination "riconaipe won on time"]

1. e4 e5 2. Nf3 Nc6 3. Bb5 a6 4. Ba4 Nf6 5. O-O Nxe4 6. Re1 Nc5 7. Bxc6 dxc6 8. d4 Ne6 9. Nxe5 Be7 10. c3 O-O 11. Nd2 c5 12. Ndf3 cxd4 13. cxd4 c6 14. Be3 f6 15. Nd3 Nc7 16. Rc1 Nd5 17. Qb3 Rf7 18.
Bd2 Bf8 19. Nc5 Rb8 20. Nxa6 Ra8 21. Nc5 Bg4 22. a4 Bxf3 23. Qxf3 Bxc5 24. dxc5 Rxa4 25.
h3 Rd4 26. Red1 Re7 27. Be1 Qe8 28. Ba5 Rde4 29. b4 Re1+ 30. Kh2 Qb8+ 31. g3 R1e2 32. Kg2 R7e3 33. Qf5 Qxg3+ 34. Kf1 Rxf2+ 35. Qxf2 Qxh3+ 36. Qg2 Rf3+ 37. Kg1 Rg3 38. Rc2 Nf4 39. Rd8+ Kf7 40. Rd7+ Kg6 41. Rdd2 Rxg2+ 42. Rxg2+ Nxg2 43. Rxg2+ 1-0

[Event "Late-Titled-Tuesday-Blitz-February-06-2024"]
[Site "Chess.com"]
[Date "2024.02.06"]
[Round "4"]
[White "vladoboch"]
[Black "OYAcosta"]
[Result "0-1"]
[WhiteElo "2455"]
[BlackElo "2188"]
[TimeControl "180+1"]
[EndTime "14:39:26 PST"]
[Termination "OYAcosta won by resignation"]

1. e4 c6 2. d4 d5 3. e5 Bf5 4. h4 h5 5. c4 e6 6. Nc3 Nd7 7. cxd5 cxd5 8. Bd3 Bxd3 9. Qxd3 Ne7 10. Bg5 Qb6 11. Nf3 Nc6 12. O-O a6 13. a3 Rc8 14. b4 g6 15. Rac1 Bg7 16. Na4 Qa7 17.
Nc5 Nxc5 18. bxc5 O-O 19. Rb1 Rc7 20. Qe3 Na5 21. Bh6 Nc4 22. Qg5 b6 23. cxb6 Nxb6 24. Bxg7 Kxg7 25. Qf6+ Kg8 26. Rb3 Nd7 27. Qf4 Rb8 28.
Re3 Nf8 29. Qh6 Rbc8 30. Ng5 Qxd4 31. Kh1 Rc1 32. Rxc1 Qxh4+ 33. Rh3 Rxc1+ 34. Kh2 Qxf2 35. Rf3 Qg1+ 36. Kg3 Qe1+ 37. Kh3 Rc3 38. Rxc3 Qxc3+ 39. Nf3 Qd3 40. Qf4 Qf5+ 41. Qxf5 gxf5 42. Nd4 Ng6 43. Nc6 Kg7 44. Kg3 h4+ 45. Kh2 f6 46. exf6+ Kxf6 47.
a4 e5 48. a5 Ne7 49. Nb4 d4 50. Nxa6 d3 51. Nc5 d2 0-1

[Event "Late-Titled-Tuesday-Blitz-February-06-2024"]
[Site "Chess.com"]
[Date "2024.02.06"]
[Round "4"]
[White "mishanick"]
[Black "hakanazeri2"]
[Result "0-1"]
[WhiteElo "3041"]
[BlackElo "2636"]
[TimeControl "180+1"]
[EndTime "14:39:29 PST"]
[Termination "hakanazeri2 won on time"]

1. d4 Nf6 2. c4 e6 3. Nc3 Bb4 4. e3 O-O 5. Bd3 c5 6. Nf3 d5 7. O-O cxd4 8. exd4 dxc4 9. Bxc4 b6 10. Qe2 Bb7 11. Rd1 Nc6 12. d5 exd5 13. Nxd5 Nxd5 14. Bxd5 Qf6 15. Bg5 Qg6 16. Qc4 Bc5 17. b4 Bxb4 18. Be4 Na5 19. Qxb4 Bxe4 20. Ne5 Qxg5 21. Qxe4 Rae8 22.
f4 Qe7 23. Rac1 f6 24. Qd5+ Qe6 25. Nf3 Qxd5 26. Rxd5 Rf7 27. Kf2 Rfe7 28. Rc2 Nb7 29. Nd4 Nc5 30. Nf5 Re4 31. Nd6 Rd8 32. Kf3 Re6 33.
Rcd2 Rd7 34. Nf5 Rxd5 35. Rxd5 Re8 36. h4 g6 37. Nd4 Rc8 38. Nb5 a6 39. Nd4 Kf7 40.
Rd6 b5 41. Nc6 Rc7 42. Nb4 a5 43. Nc6 Nb7 0-1